 Dungeon Crawl Stone Soup version 0.29.1-15-g9cfb28693d (webtiles) character file.

Game seed: 11441491187844632209

67 Arctor the Insei (level 4, -5/36 HPs)
             Began as a Draconian Transmuter on Feb 22, 2023.
             Slain by a gnoll
             ... wielding a +0 halberd
              (16 damage)
             ... on level 2 of the Dungeon.
             The game lasted 00:01:48 (2060 turns).

Arctor the Insei (Draconian Transmuter)             Turns: 2060, Time: 00:01:49

Health: -5/36      AC:  5    Str: 12    XL:     4   Next: 0%
Magic:  6/7        EV: 12    Int: 14    God:
Gold:   59         SH:  0    Dex: 13    Spells: 7/8 levels left

rFire   . . .      SeeInvis .   k - +2 dagger (speed)
rCold   . . .      Faith    .   (no shield)
rNeg    . . .      Spirit   .   (body armour unavailable)
rPois   .          Reflect  .   (helmet currently unavailable)
rElec   .          Harm     +   n - scarf {harm}
rCorr   .          Rampage  .   (no gloves)
Will    .....                   (boots currently unavailable)
Stlth   +.........              (no amulet)
HPRegen 0.12/turn               (no ring)
MPRegen 0.10/turn               (no ring)

@: appendages
A: horns 2, talons 2, AC +5, unfitting armour, cold-blooded
a: End Transformation


You were on level 2 of the Dungeon.
You had temporarily grown beastly horns and talons.
You visited 1 branch of the dungeon, and saw 2 of its levels.

You collected 59 gold pieces.

Inventory:

Hand Weapons
 k - a +2 dagger of speed (weapon)
Missiles
 f - 3 datura-tipped darts
Armour
 l - a +0 pair of boots (melded)
 n - a scarf of harm (worn)
Scrolls
 b - 2 scrolls of immolation {unknown}
 e - a scroll of identify {unknown}
 g - a scroll of teleportation {unknown}
 h - 2 scrolls of noise {unknown}
Potions
 a - a potion of lignification
 c - a potion of cancellation {unknown}
 d - 2 potions of heal wounds {unknown}
 i - a potion of curing {unknown}
 j - a potion of mutation {unknown}
 m - a potion of haste {unknown}


   Skills:
 + Level 2.1 Fighting
 + Level 2.3 Dodging
 + Level 3.4 Unarmed Combat
 + Level 2.5 Spellcasting
 + Level 2.5 Transmutations


You had 7 spell levels left.
You knew the following spells:

 Your Spells              Type           Power      Damage    Failure   Level
a - Beastly Appendage     Tmut           16%        N/A       8%          1

Your spell library contained the following spells:

 Spells                   Type           Power      Damage    Failure   Level
 Wereblood                Tmut           8%         N/A       12%         2
 Passwall                 Tmut/Erth      4%         N/A       21%         2
 Sandblast                Erth           2%         2d4       22%         1
 Spider Form              Tmut/Pois      5%         N/A       38%         3
 Gell's Gravitas          Tloc           1%         N/A       56%         3
 Stone Arrow              Conj/Erth      2%         3d7       56%         3
 Teleport Other           Tloc           1%         N/A       56%         3
 Ice Form                 Ice/Tmut       5%         N/A       80%         4
 Dispersal                Tloc           0%         N/A       100%        6


Dungeon Overview and Level Annotations

Branches:
Dungeon (2/15)

Altars:
Nemelex Xobeh


Innate Abilities, Weirdness & Mutations

You have temporarily grown beastly horns and talons.
Your plain brown scales are hard. (AC +5)
You cannot fit into any form of body armour.
You are cold-blooded and may be slowed by cold attacks.


Message History

The quokka is moderately wounded.
You hit the quokka.
The quokka is almost dead.
The quokka closely misses you.
You closely miss the quokka.
The quokka is almost dead.
The quokka barely misses you.
You hit the quokka.
You kill the quokka!
You have reached level 4!
You feel clever.
You enter the shallow water.
Moving in this stuff is going to be slow.
You enter the shallow water.
Moving in this stuff is going to be slow.
You open the door.
A gnoll comes into view. It is wielding a +0 club.
Found a spear.
A gnoll is nearby!
A gnoll comes into view. It is wielding a +0 halberd.
The gnoll shouts!
The gnoll completely misses you.
The gnoll hits you from afar with a +0 halberd!
There is an open door, spattered with blood here.
There are monsters nearby!
You hit the gnoll.
The gnoll is heavily wounded.
There are monsters nearby!
You completely miss the gnoll.
The gnoll is heavily wounded.
The gnoll hits you with a +0 club.
The gnoll hits you from afar with a +0 halberd.
There are monsters nearby!
Casting: Beastly Appendage (safe; 8% risk of failure)
Confirm with . or Enter, or press ? or * to list all spells.
You grow a pair of large bovine horns.
Your feet morph into talons.
Your +0 pair of boots melds into your body.
The gnoll hits you with a +0 club.
The gnoll hits you from afar with a +0 halberd!
You die...

#.# #....# #.##### #.####
##.....# ###.# ####..###.#
####...# ### #....♣♣
....###§♣♣P### ♣.♣ #.♣.P.♣
♣♣.PP§..♣.PP♣♣♣. #.♣..PP#
♣.♣♣♣♣§♣♣♣♣....♣
#...♣.##.##♣.P♣♣♣..♣P♣.♣♣.♣
##..P#+.)g@#..♣....♣..♣..P.
#...♣##g##.....♣.P♣♣♣.P♣♣♣
#♣.P.♣###.♣.♣.♣..♣♣P.P8..†
#..♣.♣...♣♣..♣..P........
##.♣♣.♣P...P♣.P♣...8.⌠.8.
#...♣..♣.♣♣..PPP.♣.......
##...§♣.♣.♣.♣♣♣P.♣♣.P.8P♣.
#..♣§♣♣.♣.♣..♣P♣..♣.♣P♣♣.♣
#.PP~...♣....♣..PP♣..♣....


You could see 2 gnolls.

Vanquished Creatures
  2 adders (D:2)
  A worm (D:2)
  A dart slug (D:1)
  3 bats
  2 endoplasms (D:1)
  A giant cockroach (D:1)
  6 goblins
  4 hobgoblins
  6 quokkas
  6 ball pythons
  A frilled lizard (D:1)
  4 kobolds
  3 rats
40 creatures vanquished.

Vanquished Creatures (others)
  7 plants (D:2)
7 creatures vanquished.

Grand Total: 47 creatures vanquished

Notes
Turn   | Place    | Note
-------+----------+-------------------------------------------
     0 | D:1      | Arctor the Draconian Transmuter began the quest for the
                  | Orb.
     0 | D:1      | Reached XP level 1. HP: 16/16 MP: 3/3
   330 | D:1      | Reached XP level 2. HP: 23/23 MP: 3/5
  1323 | D:1      | Found a sparkling altar of Nemelex Xobeh.
  1481 | D:2      | Reached XP level 3. HP: 29/29 MP: 4/6
  1791 | D:2      | Found a faded altar of an unknown god.
  1793 | D:2      | Noticed an eye of devastation
  1798 | D:2      | Noticed a great orb of eyes
  1801 | D:2      | Noticed a golden eye
  1801 | D:2      | Noticed a golden eye
  2016 | D:2      | Reached XP level 4. HP: 36/36 MP: 7/7
  2060 | D:2      | Slain by a gnoll

Illustrated notes

Levels and vault maps discovered:
D:1:      dpeg_arrival_lava_altar, layout_loops_ring, serial_rivers,
          chequers_serial_rivers_room_b, chequers_serial_rivers_micro_d,
          chequers_serial_rivers_small_a, chequers_serial_rivers_micro_b
D:2:      wad_woods_tower, layout_basic, hellmonk_ecumenical_altar_watching_god

Skill      XL: |  1  2  3 |
---------------+----------+-----
Dodging        | 2 |  2.3
Fighting       | 2 |  2.1
Unarmed Combat | |  3.4
Spellcasting   | |  2.5
Transmutations | |  2.5

Action                   |  1- 3 |  4- 6 || total
-------------------------+-------+-------++-------
Melee: Unarmed           |    67 |       ||    67
       Headbutt          |    11 |       ||    11
       Kick              |    11 |       ||    11
       Tailslap          |    12 |       ||    12
       Punch             |     5 |       ||     5
       Dagger            |    56 |     2 ||    58
 Cast: Beastly Appendage |    25 |     1 ||    26
Armor: Skin              |    25 |       ||    25
Dodge: Dodged            |    65 |     1 ||    66
